 Dungeon Crawl Stone Soup version 0.26.0-10-g1f06aea511 (webtiles) character file.

Game seed: 17363963649643655478

18204 Borgoz the Fighter (level 12, -4/110 HPs)
             Began as a Ghoul Gladiator on Jan 15, 2021.
             Was a Believer of Ashenzari.
             Killed from afar by a hell hound (10 damage)
             ... with a blast of flame
             ... led by Azrael
             ... on level 12 of the Dungeon.
             The game lasted 00:25:28 (14182 turns).

Borgoz the Fighter (Ghoul Gladiator)               Turns: 14182, Time: 00:25:28

Health: -4/110     AC: 17    Str: 19    XL:     12   Next: 56%
Magic:  11/11      EV: 15    Int:  3    God:    Ashenzari [**....]
Gold:   1036       SH:  7    Dex: 14    Spells: 6/11 levels left

rFire    + . .     SeeInvis .   t - +1 scimitar (vorpal)
rCold    + . .     Faith    .   r - +2 buckler
rNeg     + + +     Spirit   .   l - +0 ring mail {rF+}
rPois    ∞         Reflect  .   c - +0 helmet
rElec    .         Harm     .   e - +0 cloak
rCorr    .         Rampage  .   (no gloves)
Will     +....                  s - +2 pair of boots
Stlth    +.........             p - amulet of regeneration
HPRegen  0.00/turn              o - +4 ring of protection
MPRegen  0.12/turn              f - ring of willpower

@: mighty, marked
A: claws 1, cold resistance 1, negative energy resistance 3, inhibited
regeneration, torment resistance, unbreathing
a: Renounce Religion, Curse Item, Scrying


You were on level 12 of the Dungeon.
You worshipped Ashenzari.
Ashenzari was pleased with you.
You visited 2 branches of the dungeon, and saw 13 of its levels.
You also visited: Sewer and Bailey.

You collected 1036 gold pieces.

Inventory:

Hand Weapons
 m - the +9 mace "Cinuokea" {vorpal, rPois rC+ Dex-4}
   (You found it on level 6 of the Dungeon)

   It inflicts extra damage upon your enemies.
   It affects your dexterity (-4).
   It protects you from cold.
   It protects you from poison.
 t - a +1 vorpal scimitar (weapon)
Armour
 a - a +2 leather armour of cold resistance
 c - a +0 helmet (worn)
 e - a +0 cloak (worn)
 l - a +0 ring mail of fire resistance (worn)
 r - a +2 buckler (worn)
 s - a +2 pair of boots (worn)
Jewellery
 f - a ring of willpower (right claw)
 n - an uncursed ring of protection from fire
 o - a +4 ring of protection (left claw)
 p - an amulet of regeneration (around neck)
Wands
 x - a wand of digging (4)
Scrolls
 b - a scroll of torment
 j - 10 scrolls of remove curse
 q - 5 scrolls of enchant weapon
 w - a scroll of identify
Potions
 d - a potion of flight {unknown}
 g - a potion of might
 h - 4 potions of haste
 u - 3 potions of cancellation


   Skills:
 * Level 11.0 Fighting
 * Level 10.8 Long Blades
 - Level 1.7 Throwing
 * Level 10.5 Armour
 - Level 8.1 Dodging
 + Level 3.3 Shields


You had 6 spell levels left.
You knew the following spells:

 Your Spells              Type           Power        Failure   Level
a - Confusing Touch       Hex            0%           97%         3
b - Blink                 Tloc           N/A          83%         2

Your spell library contained the following spells:

 Spells                   Type           Power        Failure   Level
 Corona                   Hex            0%           71%         1
 Freeze                   Ice            0%           71%         1
 Magic Dart               Conj           0%           71%         1
 Call Imp                 Summ           0%           83%         2
 Ensorcelled Hibernation  Hex/Ice        0%           83%         2
 Slow                     Hex            0%           83%         2
 Conjure Flame            Conj/Fire      0%           97%         3
 Dazzling Flash           Conj/Hex       0%           97%         3
 Frozen Ramparts          Ice            0%           97%         3
 Mephitic Cloud           Conj/Pois/Air  0%           97%         3
 Ozocubu's Armour         Ice            0%           97%         3
 Tukima's Dance           Hex            0%           97%         3
 Hailstorm                Conj/Ice       0%           100%        4
 Summon Ice Beast         Ice/Summ       0%           100%        4


Dungeon Overview and Level Annotations

Branches:
Dungeon (12/15)            Temple (1/1) D:7            Lair (0/6) D:8
    Orc (0/2) D:10          Sewer (visited)          Bailey (visited)

Altars:
Ashenzari
Cheibriados
Dithmenos
Elyvilon
Fedhas
Gozag
Hepliaklqana
Kikubaaqudgha
Makhleb
Nemelex Xobeh
Okawaru
Qazlal
Ru
Sif Muna
Trog
Uskayaw
Vehumet
Wu Jian
Xom
Yredelemnul
Zin
The Shining One
Beogh

Shops:
D:6 !

Annotations:
D:12 Azrael, Gastronok


Innate Abilities, Weirdness & Mutations

You thrive by killing the living.
You are immune to poison.
You have sharp fingernails.
Your flesh is cold resistant. (rC+)
You are immune to negative energy. (rN+++)
You do not regenerate when monsters are visible.
You are immune to unholy pain and torment.
You can survive without breathing.


Message History

The hell hound breathes flames at you.
The blast of flame misses the hell hound. x2
The blast of flame hits you! You resist.
* * * LOW HITPOINT WARNING * * *
You slash the hell hound!
The hell hound is severely wounded.
You block the hell hound's attack.
Gastronok waves his eye-stalks in wide circles.
The air twists around and strikes you!!
* * * LOW HITPOINT WARNING * * *
The hell hound bites you but does no damage.
Okay, then.
As you read the scroll of fear, it crumbles to dust.
You assume a fearsome visage.
Gastronok resists with some effort.
Azrael is unaffected.
The hell hound is unaffected. x3
The hell hound closely misses you.
Azrael laughs insanely.
The hell hound breathes flames at you. The blast of flame hits you! You resist.
You die...

############## ** *
##............# ,
..............# * ,
..#).#..#..#..# ,, ,
.#..#..#..#...#######...
,
#..#..#..#...).@hhh○°w..
..#..#..#..#.#####R##...
.#..#..#..#..# * {#
.........†..####(.. *
###.#####........###
#.#..[.....##.... , **
#...###...##..# * , ,..
**##......#* ######## ,
*#....#### #......#


You could see Gastronok, Azrael and 3 hell hounds.

Vanquished Creatures
  3 two-headed ogres
  Nergalle (D:11)
  2 unseen horrors
  Pikel (D:9)
  3 ugly things
  Maurice (D:10)
  A gargoyle (D:10)
  Maggie (D:7)
  A kobold demonologist (D:12)
  A hornet (D:9)
  Grinder (D:5)
  2 wraiths
  5 yaks
  2 wyverns
  A fire elemental (D:12)
  An acid dragon (D:12)
  A soldier ant (D:10)
  2 hell hounds (D:12)
  2 ice beasts (D:9)
  15 orc warriors
  5 black bears
  3 phantoms
  6 ogres
  13 centaurs
  5 sky beasts
  The ghost of Hycrow the Magician, an amateur DEIE (D:3)
  2 big kobolds
  7 bullfrogs
  A gnoll sergeant (D:8)
  A wyvern skeleton (D:12)
  4 jellies
  5 scorpions
  4 killer bees (D:12)
  12 wights
  8 electric eels (D:11)
  4 howler monkeys
  A crimson imp (D:6)
  A centaur zombie (D:9)
  3 quasits
  3 hounds
  7 orc priests
  2 bullfrog skeletons
  A centaur skeleton (D:4)
  A gnoll shaman (D:10)
  Natasha (thrice) (D:4)
  3 iguanas
  8 orc wizards
  11 worker ants
  A killer bee zombie (D:8)
  A worker ant zombie (D:11)
  11 gnolls
  16 adders
  2 white imps
  4 oozes (Sewer)
  2 adder zombies
  An adder skeleton (D:4)
  6 worms
  2 dart slugs
  An adder simulacrum (D:3)
  12 leopard geckos
  56 orcs
  8 ball pythons
  11 giant cockroaches
  11 goblins
  9 hobgoblins
  12 jackals
  14 kobolds
  5 quokkas
  A ball python simulacrum (D:3)
  6 bats
  10 frilled lizards
  A leopard gecko simulacrum (D:3)
  2 quokka skeletons
  2 quokka zombies (D:6)
  10 rats
389 creatures vanquished.

Vanquished Creatures (others)
  A quokka (D:12)
1 creature vanquished.

Grand Total: 390 creatures vanquished

Notes
Turn   | Place    | Note
-------+----------+-------------------------------------------
     0 | D:1      | Borgoz the Ghoul Gladiator began the quest for the Orb.
     0 | D:1      | Reached XP level 1. HP: 17/17 MP: 0/0
   107 | D:1      | You fall into a shaft and drop 1 floor!
   125 | D:2      | Reached XP level 2. HP: 6/24 MP: 1/1
   380 | D:2      | Reached skill level 1 in Armour
   626 | D:1      | Reached XP level 3. HP: 29/30 MP: 2/2
  1391 | D:2      | Found a stormy altar of Qazlal.
  1630 | D:3      | Reached XP level 4. HP: 32/37 MP: 3/3
  1843 | D:3      | Found an ornate altar of the Wu Jian Council.
  2003 | D:3      | Found a faded altar of an unknown god.
  2173 | D:3      | Noticed Hycrow's ghost (amateur DEIE)
  2192 | D:3      | Found a runed translucent gate.
  2192 | D:3      | Found a runed translucent gate.
  2192 | D:3      | Found a runed translucent gate.
  2422 | D:3      | Found a snail-covered altar of Cheibriados.
  2517 | D:3      | Reached XP level 5. HP: 44/44 MP: 4/4
  2739 | D:4      | Reached skill level 3 in Fighting
  2932 | D:4      | Found a glowing drain.
  2936 | Sewer    | Entered a sewer
  3134 | Sewer    | Reached XP level 6. HP: 51/51 MP: 5/5
  3954 | D:4      | Reached XP level 7. HP: 58/58 MP: 6/6
  3973 | D:4      | Noticed Natasha
  3980 | D:4      | Killed Natasha
  3989 | D:4      | Noticed Natasha
  3998 | D:4      | Killed Natasha
  4006 | D:4      | Found a hide-covered altar of Uskayaw.
  4010 | D:4      | Noticed Natasha
  4018 | D:4      | Killed Natasha
  4019 | D:4      | Reached skill level 4 in Fighting
  4536 | D:3      | Killed Hycrow's ghost
  4537 | D:3      | Reached skill level 5 in Long Blades
  4728 | D:5      | Entered Level 5 of the Dungeon
  4912 | D:5      | Reached XP level 8. HP: 59/67 MP: 7/7
  5367 | D:5      | Noticed Grinder
  5383 | D:5      | Killed Grinder
  5384 | D:5      | Reached skill level 5 in Armour
  5697 | D:5      | Reached skill level 5 in Fighting
  6379 | D:6      | Found Heorouw's Distillery.
  6467 | D:6      | Reached skill level 8 in Fighting
  6467 | D:6      | Reached XP level 9. HP: 81/81 MP: 8/8
  6762 | D:6      | Learned a level 3 spell: Confusing Touch
  6765 | D:6      | Learned a level 2 spell: Blink
  6942 | D:6      | Found a radiant altar of Vehumet.
  6942 | D:6      | Found a burning altar of Makhleb.
  6994 | D:6      | Got an ivory mace
  6995 | D:6      | Identified the +9 mace "Cinuokea" {vorpal, rPois rC+ Dex-4}
                  | (You found it on level 6 of the Dungeon)
  7025 | D:6      | Reached XP level 10. HP: 74/90 MP: 9/9
  7311 | D:7      | Found a shimmering altar of Xom.
  7413 | D:7      | Noticed Maggie
  7426 | D:7      | Killed Maggie
  7518 | D:7      | Found a staircase to the Ecumenical Temple.
  7592 | Temple   | Entered the Ecumenical Temple
  7729 | Temple   | Became a worshipper of Ashenzari the Shackled
  7952 | D:8      | Found a staircase to the Lair.
  8236 | D:8      | Found a shadowy altar of Dithmenos.
  9141 | D:9      | Reached skill level 9 in Fighting
  9208 | D:9      | Reached * piety under Ashenzari
  9498 | D:9      | Reached XP level 11. HP: 93/97 MP: 10/10
  9533 | D:9      | Noticed Pikel
  9544 | D:9      | Killed Pikel
  9867 | D:10     | Entered Level 10 of the Dungeon
  9969 | D:10     | Noticed a two-headed ogre
  9983 | D:10     | Killed a two-headed ogre
 10015 | D:10     | Noticed Maurice
 10031 | D:10     | Killed Maurice
 10056 | D:10     | Found a flagged portal.
 10072 | Bailey   | Entered a bailey
 10586 | Bailey   | Reached skill level 1 in Shields
 10864 | Bailey   | Reached skill level 10 in Long Blades
 11072 | D:10     | Noticed a two-headed ogre
 11083 | D:10     | Killed a two-headed ogre
 11149 | D:10     | Killed an unseen horror
 11150 | D:10     | Reached skill level 10 in Fighting
 11581 | D:10     | Found a staircase to the Orcish Mines.
 11603 | D:10     | Found a roughly hewn altar of Beogh.
 12136 | D:11     | Reached skill level 10 in Armour
 12154 | D:11     | Noticed a two-headed ogre
 12220 | D:11     | Reached XP level 12. HP: 57/106 MP: 11/11
 12420 | D:11     | Killed a two-headed ogre
 13338 | D:11     | Reached ** piety under Ashenzari
 13435 | D:12     | Noticed Nergalle
 13463 | D:11     | Killed Nergalle
 13700 | D:12     | Noticed a sun demon
 14160 | D:12     | Noticed Azrael
 14174 | D:12     | Reached skill level 11 in Fighting
 14175 | D:12     | Noticed Gastronok
 14182 | D:12     | Killed from afar by a hell hound

Illustrated notes

Levels and vault maps discovered:
D:1:      erik_arrival_orb_chamber, layout_basic
D:2:      layout_rooms, nicolae_qazlal_eye_of_the_storm
D:3:      layout_loops_corners, cheibriados_altar_1, nzn_wu_jian_contemplation,
          gammafunk_ghost_icy, chequers_ecumenical_altar_grove, st_stairs_3
D:4:      layout_loops_cross, old_standard_altar, gup_sewer_entry_bowl,
          uniq_natasha
D:5:      layout_basic, uniq_grinder
D:6:      layout_basic, grunt_temple_overflow_lords_of_destruction,
          serial_shops, shop
D:7:      layout_rooms, kennysheep_mini_moat, minmay_temple_entry_wispy,
          uniq_maggie
D:8:      layout_layer_cave, david_lair_generic, basic_altar, dk_vineyard_2
D:9:      layout_roguey, uniq_pikel
D:10:     layout_loops_ring, minmay_orc_entry_temple_small, enter_bailey_4,
          chequers_serial_rivers_micro_d, grunt_decor_mini_mirrors, uniq_maurice
D:11:     layout_basic, grunt_decor_one_mirror, chequers_decorated_corner,
          chequers_serial_rivers_micro_c, minmay_mirror_moons_of_madness
D:12:     layout_rooms, minmay_misc_feat_diagonals, uniq_gastronok,
          uniq_nergalle, uniq_azrael
Temple:   nicolae_temple_elliptical

Skill      XL: |  1  2  3  4  5  6  7  8  9 10 11 12 |
---------------+-------------------------------------+-----
Long Blades    | 3 4 5 8 9 10 | 10.8
Armour         | 1 2 3 4 7 8 10 | 10.5
Dodging        | 3 4 7 8 |  8.1
Fighting       | 3 4 8 9 10 11 | 11.0
Shields        | 2 3 |  3.3
Throwing       | |  1.7

Action                   |  1- 3 |  4- 6 |  7- 9 | 10-12 || total
-------------------------+-------+-------+-------+-------++-------
Melee: Long sword        |   112 |   268 |   254 |       ||   634
       Mace              |       |       |     4 |    28 ||    32
       Scimitar          |       |       |       |   858 ||   858
Throw: Throwing net      |     3 |     3 |       |     3 ||     9
Evoke: Wand              |       |       |       |    22 ||    22
  Use: Scroll            |     8 |     3 |     6 |     8 ||    25
       Potion            |       |     4 |     1 |    11 ||    16
 Stab: Held in net/web   |       |     3 |       |       ||     3
       Invisible         |       |       |       |     3 ||     3
Armor: Leather armour    |    47 |   157 |    90 |   218 ||   512
       Ring mail         |       |       |       |   130 ||   130
Dodge: Dodged            |   114 |   295 |   165 |   716 ||  1290
Block: Buckler           |       |       |       |   290 ||   290
       Rpst.: Long sword |    37 |   100 |    52 |       ||   189
       Scimitar          |       |       |       |   166 ||   166
